 Dungeon Crawl Stone Soup version 0.30-a0-852-g08b95dd62f (webtiles) character file.

Game seed: 6792709717277264689

54 BubbleThief the Insei (level 3, 0/27 HPs)
             Began as a Merfolk Transmuter on Mar 5, 2023.
             Slain by a gnoll
             ... wielding a +0 spear
              (1 damage)
             ... on level 2 of the Dungeon.
             The game lasted 00:02:27 (982 turns).

BubbleThief the Insei (Merfolk Transmuter)           Turns: 982, Time: 00:02:28

Health: 0/27       AC:  2    Str: 12    XL:     3   Next: 91%
Magic:  6/6        EV: 13    Int: 12    God:
Gold:   51         SH:  0    Dex: 14    Spells: 3/6 levels left

rFire   . . .      SeeInvis .      - Unarmed
rCold   . . .      Faith    .    (no shield)
rNeg    . . .      Spirit   .    a - +0 robe
rPois   .          Reflect  .    (helmet currently unavailable)
rElec   .          Rampage  .    (no cloak)
rCorr   .                        (no gloves)
Will    .....                    (boots currently unavailable)
Stlth   +                        (no amulet)
HPRegen 0.24/turn                (no ring)
MPRegen 0.10/turn                (no ring)

@: appendages (expiring)
A: horns 2, (nimble swimmer 2), mertail
a: End Transformation


You were on level 2 of the Dungeon.
You had temporarily grown beastly horns.
You visited 1 branch of the dungeon, and saw 2 of its levels.

You collected 51 gold pieces.

Inventory:

Armour
 a - a +0 robe (worn)
Wands
 h - a wand of digging (8)
Scrolls
 c - 6 scrolls of identify {unknown}
 e - 3 scrolls of vulnerability {unknown}
 f - a scroll of enchant armour {unknown}
 i - a scroll of fear {unknown}
Potions
 b - a potion of lignification
 d - a potion of haste {unknown}
 g - 2 potions of heal wounds {unknown}


   Skills:
 + Level 2.1 Fighting
 + Level 3.5 Dodging
 + Level 3.8 Unarmed Combat
 - Level 2.0 Spellcasting
 + Level 3.6 Transmutations


You had 3 spell levels left.
You knew the following spells:

 Your Spells              Type           Power      Damage    Failure   Level
a - Beastly Appendage     Tmut           18%        N/A       6%          1
b - Wereblood             Tmut           9%         N/A       10%         2

Your spell library contained the following spells:

 Spells                   Type           Power      Damage    Failure   Level
 Spider Form              Tmut/Pois      5%         N/A       36%         3
 Ice Form                 Ice/Tmut       5%         N/A       78%         4
 Airstrike                Air            0%         2d(1-17)  95%         4
 Summon Lightning Spire   Summ/Air       1%         N/A       95%         4
 Lightning Bolt           Conj/Air       0%         1d11      100%        5


Dungeon Overview and Level Annotations

Branches:
Dungeon (2/15)

Altars:


Innate Abilities, Weirdness & Mutations

You have temporarily grown beastly horns.
((You are very nimble when in or above water. (Stealth+, EV+, Speed+++)))
Your lower body shifts to a powerful aquatic tail in water.


Message History

You punch the rat!
You kill the rat!
You see here a rat corpse.
Your horns disappear.
HP restored.
You see here an orb of wrath.
You see here an orb of wrath.
You see here a rat corpse.
Your legs become a tail as you enter the water.
Casting: Beastly Appendage (safe; 6% risk of failure)
Confirm with . or Enter, or press ? or * to list all spells.
You grow a pair of large bovine horns.
The gnoll hits you from afar with a +0 spear.
The gnoll hits you with a +0 spear.
You hit the gnoll.
The gnoll is lightly wounded.
The gnoll hits you with a +0 spear.
You closely miss the gnoll. You headbutt the gnoll.
The gnoll is moderately wounded.
You hit the gnoll but do no damage. You headbutt the gnoll!
The gnoll is almost dead.
The gnoll drinks a potion.
The gnoll is healed!
You hit the gnoll but do no damage.
The gnoll is moderately wounded.
The gnoll hits you with a +0 spear.
You barely miss the gnoll. Your headbutt misses the gnoll.
The gnoll is moderately wounded.
The gnoll hits you but does no damage.
You hit the gnoll but do no damage. You headbutt the gnoll.
The gnoll is heavily wounded.
Your transformation is almost over.
The gnoll hits you with a +0 spear!
* * * LOW HITPOINT WARNING * * *
You hit the gnoll but do no damage. Your headbutt misses the gnoll.
The gnoll is heavily wounded.
The gnoll closely misses you.
You hit the gnoll but do no damage.
The gnoll is heavily wounded.
The gnoll hits you with a +0 spear.
You die...

#.# #.# #.# ########.##### #.#
#............. ######## #.#
#.)###....###. .......# #.#
#####.#...#..#...#
.......#####.###.....#.⌠.#..#.⌠.#
.....................#...#~~#...#
.......#####.#.....#.~###~≈≈~###~
.....†.'.....#.#@#.#..~≈≈≈≈≈≈≈≈~.
.......#######.#g#....~≈≈≈≈≈≈≈≈≈.
.......# ♣♣#.#.###.~###~≈≈≈###~
######## ♣♣♣PP.#.###.#...#~~#...#
#.....♣ ♣~~~~~#.....#.⌠.#. #.⌠.#
#..[.♣♣♣♣≈~P~~~.....#...# #...#
#...~♣♣P~~≈~~~~♣.....# ..###.
##.†♣♣PP~P~~≈P~PP♣....g..........
#..P~~PPP≈~~≈≈P~~P♣..##........##


You could see a gnoll.

Vanquished Creatures
  A gnoll (D:1)
  An adder (D:2)
  3 dart slugs
  2 bats
  4 endoplasms (D:1)
  2 hobgoblins
  2 jackals (D:2)
  2 ball pythons
  4 frilled lizards
  3 goblins
  3 kobolds (D:1)
  2 rats
29 creatures vanquished.

Vanquished Creatures (others)
  3 plants (D:2)
3 creatures vanquished.

Grand Total: 32 creatures vanquished

Notes
Turn   | Place    | Note
-------+----------+-------------------------------------------
     0 | D:1      | BubbleThief the Merfolk Transmuter began the quest for the
                  | Orb.
     0 | D:1      | Reached XP level 1. HP: 15/15 MP: 3/3
   118 | D:1      | Reached XP level 2. HP: 20/21 MP: 3/5
   197 | D:1      | Found a faded altar of an unknown god.
   348 | D:1      | Reached XP level 3. HP: 27/27 MP: 3/6
   396 | D:1      | Learned a level 2 spell: Wereblood
   980 | D:2      | HP: 1/27 [gnoll/+0 spear (9)]
   982 | D:2      | Slain by a gnoll

Illustrated notes

Levels and vault maps discovered:
D:1:      lightli_arrival_boilingwater, layout_rooms,
          hellmonk_ecumenical_altar_leap_of_faith
D:2:      layout_basic, hangedman_decor_growths, glass_columns_a, fountainhead,
          serial_bayou_lagoon_b

Skill      XL: |  1  2  3 |
---------------+----------+-----
Dodging        | 3 |  3.5
Transmutations | 3 |  3.6
Fighting       | 2 |  2.1
Unarmed Combat | |  3.8
Spellcasting   | |  2.0

Action                     || total
---------------------------++-------
  Melee: Unarmed           ||    86
         Headbutt          ||    17
         Punch             ||     1
   Cast: Beastly Appendage ||    18
   Stab: Distracted        ||     1
 Armour: Robe              ||    10
  Dodge: Dodged            ||    49

Table legend: (Time is in decaauts)
 A = Elapsed time spent in this place.
 B = Non-inter-level travel time spent in this place.
 C = Inter-level travel time spent in this place.
 D = Time resting spent in this place.
 E = Time spent auto-exploring this place.
 F = Levels seen in this place.
 G = Mean time per level.
                   A        B        C        D        E       F      G
               +--------+--------+--------+--------+--------+-----+--------+
         Total |    967 |    942 |     25 |     44 |    655 |   2 |  483.5 |
       Dungeon |    967 |    942 |     25 |     44 |    655 |   2 |  483.5 |
               +--------+--------+--------+--------+--------+-----+--------+

Top non-repeatable levels by time:
     D:1: 574 daAuts
     D:2: 393 daAuts
